 Dungeon Crawl Stone Soup version 0.23.2 (webtiles) character file.

Game seed: 14316023964284515750

307 teukkam the Shield-Bearer (level 6, -5/55 HPs)
             Began as a Minotaur Fighter on Apr 4, 2019.
             Slain by an ogre
             ... wielding a +0 giant spiked club
              (24 damage)
             ... on level 4 of the Dungeon.
             The game lasted 00:07:30 (1967 turns).

teukkam the Shield-Bearer (Minotaur Fighter)        Turns: 1967, Time: 00:07:30

Health: -5/55      AC:  7    Str: 23    XL:     6   Next: 16%
Magic:  5/5        EV:  8    Int:  5    God:
Gold:   78         SH: 10    Dex:  9    Spells: 5/5 levels left

rFire    . . .     SeeInvis .   a - +0 war axe
rCold    . . .     Gourm    .   c - +0 shield
rNeg     . . .     Faith    .   q - +0 scale mail
rPois    .         Spirit   .   (helmet restricted)
rElec    .         Reflect  .   (no cloak)
rCorr    .         Harm     .   (no gloves)
MR       .....                  (no boots)
Stlth    ..........             (no amulet)
HPRegen  0.18/turn              (no ring)
MPRegen  0.09/turn              (no ring)

@: no status effects
A: retaliatory headbutt, horns 2
a: no special abilities


You were on level 4 of the Dungeon.
You were not hungry.

You visited 1 branch of the dungeon, and saw 4 of its levels.
You also visited: Sewer.

You collected 78 gold pieces.

Inventory:

Hand Weapons
 a - a +0 war axe (weapon)
 b - a +0 blowgun
 n - a +1 short sword of electrocution
 s - a +2 whip of venom
Missiles
 i - 30 stones (quivered)
 r - 72 poisoned needles
Armour
 c - a +0 shield (worn)
 q - a +0 scale mail (worn)
Scrolls
 h - 2 scrolls of magic mapping
 j - 3 scrolls of random uselessness {unknown}
 k - 2 scrolls of identify {unknown}
 u - a scroll of remove curse {unknown}
 v - a scroll of enchant weapon {unknown}
 w - a scroll of brand weapon {unknown}
 x - a scroll of fear {unknown}
 y - 3 scrolls of amnesia {unknown}
Potions
 d - 2 potions of might
 e - a potion of haste {unknown}
 g - a potion of degeneration {unknown}
 l - a potion of agility {unknown}
 m - 4 potions of heal wounds {unknown}
 o - 2 potions of curing {unknown}
 p - a potion of brilliance {unknown}
 t - a potion of flight {unknown}
Comestibles
 f - 4 rations
 z - 4 chunks of flesh


   Skills:
 + Level 4.8 Fighting
 + Level 4.8 Axes
 + Level 1.1 Throwing
 + Level 4.6 Armour
 - Level 0.9 Dodging
 + Level 5.2 Shields


You had 5 spell levels left.
You didn't know any spells.
Your spell library was empty.

Dungeon Overview and Level Annotations

Branches:
Dungeon (4/15)             Temple (0/1) D:4

Altars:
Xom

Shops:
D:4 %=*

Annotations:
D:4 2 runed translucent doors, Frank's ghost, amateur OpFi


Innate Abilities, Weirdness & Mutations

You reflexively headbutt those who attack you in melee.
You have a pair of horns on your head.


Message History

An ogre comes into view. It is wielding a +0 giant spiked club.
The ogre shouts!
You hit the ogre.
The ogre is lightly wounded.
You block the ogre's attack.
Your scale mail prevents you from hitting the ogre.
You headbutt the ogre.
The ogre is moderately wounded.
The ogre hits you with a +0 giant spiked club!
You hit the ogre.
The ogre is moderately wounded.
The ogre hits you with a +0 giant spiked club!
You completely miss the ogre.
You headbutt the ogre, but do no damage.
The ogre is moderately wounded.
The ogre hits you with a +0 giant spiked club!
You slash the ogre! Your headbutt misses the ogre.
The ogre is severely wounded.
The ogre hits you with a +0 giant spiked club!!
You die...

,**#.###.............#
,**..* ##>....########
,*#.#* ##...## ,*#.*
##.###### ,*#.*
#......# ,**,*
######.# ,**,* #.#
,**,* #.# ,**,* #@#
,**,* #O# ,**,* #.#
,**,*** #.# #..,,,*
#.# ...,*,* #.#
##.,*,* #.# ...,*,*
#.#*************
##.**,*
*,,,,,,,,,,,,,,*


You could see an ogre.

Vanquished Creatures
  A big kobold (Sewer)
  A scorpion (D:4)
  A hound (D:4)
  Natasha (twice) (D:4)
  2 adders (Sewer)
  4 river rats (Sewer)
  An ooze (Sewer)
  A worm (D:2)
  A dart slug (D:2)
  A leopard gecko (D:4)
  5 ball pythons
  2 bats (D:1)
  3 giant cockroaches
  A frilled lizard (Sewer)
  A goblin (D:3)
  16 kobolds
  26 rats
69 creatures vanquished.

Notes
Turn   | Place    | Note
-------+----------+-------------------------------------------
     0 | D:1      | teukkam the Minotaur Fighter began the quest for the Orb.
     0 | D:1      | Reached XP level 1. HP: 19/19 MP: 0/0
   187 | D:2      | Reached XP level 2. HP: 27/27 MP: 1/1
   400 | D:3      | Found a glowing drain.
   423 | Sewer    | Entered a sewer
   453 | Sewer    | Noticed a big kobold
   462 | Sewer    | Killed a big kobold
   462 | Sewer    | Reached skill level 4 in Shields
   462 | Sewer    | Reached XP level 3. HP: 22/33 MP: 2/2
   462 | Sewer    | Reached XP level 4. HP: 27/40 MP: 3/3
   612 | Sewer    | HP: 1/40 [river rat (6)]
   613 | Sewer    | Reached XP level 5. HP: 1/47 MP: 4/4
  1385 | D:4      | Found a shimmering altar of Xom.
  1411 | D:4      | Found a large runed translucent door.
  1411 | D:4      | Found a large runed translucent door.
  1411 | D:4      | Noticed Frank's ghost (amateur OpFi)
  1456 | D:4      | Noticed Natasha
  1459 | D:4      | Killed Natasha
  1459 | D:4      | Reached skill level 5 in Shields
  1756 | D:4      | Found Faehiqer's General Store.
  1803 | D:4      | Reached skill level 1 in Throwing
  1803 | D:4      | Reached XP level 6. HP: 39/53 MP: 5/5
  1811 | D:4      | Found Votie's Food Shop.
  1834 | D:4      | Found Moiziplu's Jewellery Shop.
  1925 | D:4      | Noticed Natasha
  1931 | D:4      | Killed Natasha
  1967 | D:4      | Slain by an ogre

Skill      XL: |  1  2  3  4  5 |
---------------+----------------+-----
Fighting       | 4 |  4.8
Axes           | 3 4 |  4.8
Armour         | 4 |  4.6
Shields        | 4 5 |  5.2
Throwing       | 1 |  1.1
Dodging        | |  0.9

Action                   |  1- 3 |  4- 6 || total
-------------------------+-------+-------++-------
Melee: War axe           |    60 |    97 ||   157
       Headbutt          |     9 |    22 ||    31
 Fire: Blowgun           |       |     5 ||     5
  Use: Scroll            |       |     1 ||     1
  Eat: Ration            |       |     1 ||     1
       Chunk             |       |     1 ||     1
Armor: Scale mail        |    32 |    33 ||    65
Dodge: Dodged            |    19 |    23 ||    42
Block: Shield            |    45 |    58 ||   103
